AoeStats
← E-d-d-i-e91G

Black Forest

506596717Analyzed
2v2 RM · 19d ago on Sep 14, 2026· 61m 27s· 4 players
Game mode
Random Map
Map size
Medium (4 player)
Population
200
Speed
Normal
Resources
Standard
Victory
Conquest
Starting age
Dark Age
Ending age
Imperial Age
RankedLock teamsTeams togetherTeam positionsShared explorationLock speedFull tech treeHidden civsTurbo modeCheats
Victory
Defeat
🇧🇪 Persians · Belgium
612
+13
🇱🇺 Vietnamese · Luxembourg
504
+17
🇦🇺 Spanish · Australia
543
-23
🇦🇺 Goths · Australia
530
-21
El Gringo (6ty9ne)
12:04 Feudal Age
12:43 Double-Bit Axe
13:38 Wheelbarrow
13:52 Horse Collar
14:40 Gold Mining
19:17 Stone Mining
22:14 Castle Age
23:38 Bow Saw
23:31 Heavy Plow
24:10 Stone Shaft Mining
24:42 Hand Cart
24:38 Scale Barding Armor
24:34 Scale Mail Armor
24:44 Forging
24:25 Fletching
24:36 Padded Archer Armor
31:16 Iron Casting
30:57 Chain Mail Armor
31:02 Chain Barding Armor
30:58 Leather Archer Armor
30:38 Bodkin Arrow
32:36 Caravan
33:39 Ballistics
33:03 Treadmill Crane
33:18 Murder Holes
33:15 Heated Shot
37:34 Imperial Age
35:57 Pikeman
36:40 Squires
39:16 Chemistry
38:27 Fortified Wall
38:04 Arrowslits
38:26 Siege Engineers
38:16 Guard Tower
40:07 Plate Mail Armor
39:38 Bracer
40:08 Ring Archer Armor
40:14 Plate Barding Armor
40:43 Halberdier
40:46 Elite Fire Lancer
40:50 Cavalier
42:32 Light Cavalry
43:23 Bloodlines
43:14 Husbandry
45:29 Paper Money
45:49 Hoardings
46:50 Bombard Tower
49:19 Elite Rattan Archer
AlarmingSquid25
0:42 Loom
16:16 Feudal Age
23:28 Castle Age
21:57 Stone Mining
21:49 Horse Collar
22:37 Double-Bit Axe
22:48 Gold Mining
24:12 Wheelbarrow
23:40 Town Watch
24:59 Heavy Plow
25:39 Bow Saw
27:57 Gold Shaft Mining
29:36 Caravan
35:20 Imperial Age
33:10 Thumb Ring
32:35 Crossbowman
34:27 Kamandaran
34:39 Fletching
35:19 Ballistics
35:43 Bodkin Arrow
35:50 Padded Archer Armor
37:06 Chemistry
39:20 Conscription
40:34 Leather Archer Armor
40:31 Masonry
42:23 Two-Man Saw
42:22 Crop Rotation
43:15 Hand Cart
44:25 Elite War Elephant
45:29 Town Patrol
48:02 Ring Archer Armor
47:38 Scale Barding Armor
47:33 Scale Mail Armor
47:44 Forging
48:06 Architecture
50:12 Chain Barding Armor
51:47 Iron Casting
52:01 Hoardings
59:40 Spies/Treason
E-d-d-i-e91G
13:50 Feudal Age
15:08 Wheelbarrow
14:19 Town Watch
15:58 Horse Collar
16:11 Double-Bit Axe
17:56 Fletching
20:09 Gold Mining
26:13 Castle Age
26:42 Gambesons
27:19 Thumb Ring
27:46 Husbandry
28:59 Hand Cart
29:08 Stone Mining
31:17 Padded Archer Armor
31:24 Scale Barding Armor
31:35 Forging
32:03 Bloodlines
32:11 Pikeman
36:20 Chain Barding Armor
36:36 Ballistics
36:48 Masonry
38:05 Leather Archer Armor
37:51 Bodkin Arrow
40:20 Town Patrol
42:00 Stone Shaft Mining
41:41 Bow Saw
41:38 Heavy Plow
IAMASTROMAN9714
15:02 Feudal Age
16:14 Double-Bit Axe
17:47 Horse Collar
20:08 Wheelbarrow
20:18 Gold Mining
22:01 Man-at-Arms
29:14 Castle Age
27:58 Scale Mail Armor
29:14 Forging
29:12 Scale Barding Armor
31:11 Fishing Lines
33:11 Heavy Plow
33:36 Chain Barding Armor
34:06 Crossbowman
34:06 Elite Skirmisher
35:35 Caravan
36:49 Long Swordsman
38:32 Bow Saw
42:26 Iron Casting
42:07 Chain Mail Armor
41:43 Fletching
41:54 Padded Archer Armor
41:55 Loom
46:23 Bodkin Arrow
46:28 Padded Archer Armor
45:52 Pikeman
46:33 Squires
48:09 Anarchy
Connection lost

Rejoining the realm…

Still unreachable

The connection could not be restored.

Session expired

The server has moved on; the page needs a fresh start.